[Event "Asian Amateur-ch Women 2022"]
[Site "Muscat"]
[Date "2022.10.02"]
[Round "4.1"]
[White "Abeysinghe, H M H Janandani"]
[Black "Rouda Essa, Alserkal"]
[Result "0-1"]
[ECO "C54"]
[WhiteElo "1546"]
[BlackElo "1893"]
[Annotator "NA RC COMBH"]
[PlyCount "70"]
[EventDate "2022.09.29"]
[EventType "swiss"]
[SourceTitle "playchess.com"]
[Source "ChessBase"]
[SourceQuality "1"]
[TimeControl "5400+30"]

1. e4 e5 2. Nf3 Nc6 3. Bc4 Bc5 4. c3 Nf6 5. d3 a6 6. O-O O-O 7. Re1 d6 8. h3 h6 9. b4 Ba7 10. a4 Be6 11. Bxe6 fxe6 12. Be3 Qe8 13. Nbd2 Nh5 14. g3 Bxe3 15. Rxe3 Qf7 16. Qf1 Kh7 17. Nc4 Qf6 18. b5 Nd4 19. Nxd4 exd4 20. e5 Qf7 21. cxd4 axb5 22. Nb2 dxe5 23. dxe5 g5 24. d4 Ng7 25. g4 Qf4 26. Qd3+ Kg8 27. Re2 bxa4 28. Rxa4 Rxa4 29. Nxa4 Qc1+ 30. Kh2 Ra8 31. Nc5 Ra1 32. Kg3 Qh1 33. f4 Rg1+ 34. Kf2 Qh2+ 35. Ke3 Qxf4# 0-1

[Event "Asian Amateur-ch Women 2022"]
[Site "Muscat"]
[Date "2022.10.02"]
[Round "4.2"]
[White "Nadernia, Niki"]
[Black "Shybi Binoj"]
[Result "1-0"]
[ECO "C77"]
[WhiteElo "1769"]
[BlackElo "1402"]
[Annotator "NA RC COMBH"]
[PlyCount "115"]
[EventDate "2022.09.29"]
[EventType "swiss"]
[SourceTitle "playchess.com"]
[Source "ChessBase"]
[SourceQuality "1"]
[TimeControl "5400+30"]

1. e4 e5 2. Nf3 Nc6 3. Bb5 a6 4. Ba4 d6 5. c3 Nf6 6. d3 Bg4 7. Nbd2 g6 8. h3 Bd7 9. Nf1 h6 10. Bb3 Bg7 11. Ng3 O-O 12. O-O Qe7 13. Nh2 g5 14. Re1 Be6 15. Nhf1 Qd8 16. Ne3 d5 17. d4 exd4 18. cxd4 Qd7 19. e5 Nh7 20. Bc2 f5 21. Nh5 Qf7 22. f4 Ne7 23. Rf1 Qg6 24. g4 Rac8 25. fxg5 Nxg5 26. Nf4 Qf7 27. Nxe6 Qxe6 28. gxf5 Qb6 29. Qg4 Nc6 30. Nxd5 Qxd4+ 31. Qxd4 Nxd4 32. Ne7+ Kf7 33. Bxg5 hxg5 34. Nxc8 Nxc2 35. e6+ Kf6 36. Rac1 Rxc8 37. Rxc2 Bf8 38. Rf3 Bd6 39. Kf2 Rh8 40. Rc4 b5 41. Rc6 a5 42. Ra6 a4 43. Ra5 Rb8 44. Ke2 Rb6 45. Kd3 Bb4 46. Ra8 Rd6+ 47. Kc2 Rd2+ 48. Kc1 Re2 49. Rh8 Re1+ 50. Kc2 Re2+ 51. Kd3 Rxb2 52. Rh6+ Ke5 53. e7 Bxe7 54. Re6+ Kd5 55. Rxe7 Rxa2 56. f6 c5 57. f7 c4+ 58. Ke3 1-0

[Event "Asian Amateur-ch Women 2022"]
[Site "Muscat"]
[Date "2022.10.02"]
[Round "4.3"]
[White "Amulya Guruprasad"]
[Black "Wijesuriya, G P Y"]
[Result "0-1"]
[ECO "D02"]
[WhiteElo "1278"]
[BlackElo "1564"]
[Annotator "NA RC COMBH"]
[PlyCount "71"]
[EventDate "2022.09.29"]
[EventType "swiss"]
[SourceTitle "playchess.com"]
[Source "ChessBase"]
[SourceQuality "1"]
[TimeControl "5400+30"]

1. d4 d5 2. Nf3 Nf6 3. Bf4 c5 4. e3 Nc6 5. c3 Qb6 6. Qc2 c4 7. Nbd2 g6 8. Be2 Bf5 9. Qc1 Bg7 10. b3 cxb3 11. axb3 O-O 12. Ne5 Rac8 13. g4 Be4 14. f3 Nxg4 15. Nd7 Qd8 16. Nxf8 e5 17. Bg3 Nxe3 18. fxe4 exd4 19. Nxg6 hxg6 20. Ra4 dxc3 21. Nf1 Nxf1 22. Rxf1 d4 23. Bc4 d3 24. Bxf7+ Kh8 25. Qf4 d2+ 26. Kf2 c2 27. e5 d1=Q 28. Qh4+ Qh5 29. Bxg6 Qhxh4 30. Bxh4 Qd2+ 31. Kg3 c1=Q 32. Rf6 Qcc3+ 33. Rf3 Qxf3+ 34. Kxf3 Rf8+ 35. Kg4 Nxe5+ 36. Kh3 0-1

[Event "Asian Amateur-ch Women 2022"]
[Site "Muscat"]
[Date "2022.10.02"]
[Round "4.5"]
[White "Al-Khelaifi, Salama"]
[Black "Amal Fadel S M Alshamsi"]
[Result "1-0"]
[ECO "D01"]
[WhiteElo "1798"]
[BlackElo "1404"]
[Annotator "NA RC COMBH"]
[PlyCount "67"]
[EventDate "2022.09.29"]
[EventType "swiss"]
[SourceTitle "playchess.com"]
[Source "ChessBase"]
[SourceQuality "1"]
[TimeControl "5400+30"]

1. d4 Nf6 2. Nc3 d5 3. Bg5 Nbd7 4. Qd3 h6 5. Bh4 c5 6. f3 c4 7. Qd2 e6 8. a3 a6 9. e4 Nxe4 10. fxe4 Qxh4+ 11. g3 Qe7 12. exd5 exd5+ 13. Nge2 Nf6 14. O-O-O Be6 15. Re1 Qd6 16. Nf4 Kd7 17. Nxe6 fxe6 18. Bh3 Re8 19. Re2 g5 20. Rf1 Bg7 21. Na4 b6 22. Rfe1 g4 23. Bg2 a5 24. Nc3 h5 25. Kb1 Bh6 26. Qd1 Qc6 27. Re5 Re7 28. Nxd5 Nxd5 29. Bxd5 Qa4 30. Bxe6+ Kd8 31. Bxc4 Rc7 32. Bb5 Qxc2+ 33. Qxc2 Rxc2 34. Kxc2 1-0

[Event "Asian Amateur-ch Women 2022"]
[Site "Muscat"]
[Date "2022.10.02"]
[Round "4.6"]
[White "Noor Fatima Rashid"]
[Black "Al-Khelaifi, Aisha"]
[Result "0-1"]
[ECO "D02"]
[WhiteElo "1343"]
[BlackElo "1678"]
[Annotator "NA RC COMBH"]
[PlyCount "50"]
[EventDate "2022.09.29"]
[EventType "swiss"]
[SourceTitle "playchess.com"]
[Source "ChessBase"]
[SourceQuality "1"]
[TimeControl "5400+30"]

1. d4 d5 2. Nf3 Nf6 3. g3 c6 4. Bg2 Bf5 5. O-O Nbd7 6. c3 e6 7. Nh4 Bg4 8. Re1 Bd6 9. Qc2 O-O 10. Nd2 Re8 11. e4 e5 12. dxe5 Nxe5 13. b3 Bc5 14. Rf1 Be2 15. Re1 Bd3 16. Qd1 Bxf2+ 17. Kh1 Bxe1 18. Qxe1 dxe4 19. Nxe4 Bxe4 20. Bxe4 Nxe4 21. Qxe4 Qd1+ 22. Kg2 Nd3 23. Qc4 Re2+ 24. Kh3 Qf1+ 25. Kg4 Ne5+ 0-1

[Event "Asian Amateur-ch Women 2022"]
[Site "Muscat"]
[Date "2022.10.02"]
[Round "4.7"]
[White "Al Mansouri, Moza"]
[Black "Anoud Eisa Bashkardi"]
[Result "1-0"]
[ECO "C78"]
[WhiteElo "1610"]
[BlackElo "1277"]
[Annotator "NA RC COMBH"]
[PlyCount "73"]
[EventDate "2022.09.29"]
[EventType "swiss"]
[SourceTitle "playchess.com"]
[Source "ChessBase"]
[SourceQuality "1"]
[TimeControl "5400+30"]

1. e4 e5 2. Nf3 Nc6 3. Bb5 Nf6 4. d3 Bc5 5. O-O d6 6. c3 a6 7. Ba4 O-O 8. h3 h6 9. Re1 b5 10. Bc2 Re8 11. d4 exd4 12. cxd4 Bb6 13. a4 b4 14. b3 Ne7 15. Nbd2 Ng6 16. Nc4 a5 17. Nxb6 cxb6 18. d5 Nd7 19. Nd4 Nc5 20. Nc6 Qd7 21. Qd4 Ne5 22. Bb2 f6 23. Re3 Bb7 24. Nxe5 dxe5 25. Qd2 Rad8 26. Rg3 Kh8 27. f4 exf4 28. Qxf4 Qd6 29. Qg4 Rd7 30. Qg6 Re5 31. Bxe5 Qxe5 32. Rf1 Re7 33. Rf5 Qd4+ 34. Kh2 Qb2 35. Rh5 Qc1 36. e5 Bxd5 37. Qh7# 1-0

[Event "Asian Amateur-ch Women 2022"]
[Site "Muscat"]
[Date "2022.10.02"]
[Round "4.8"]
[White "Al Kalbani, Wadima"]
[Black "Ahoud Eisa Bashkardi"]
[Result "1-0"]
[ECO "C65"]
[WhiteElo "1554"]
[BlackElo "1347"]
[Annotator "NA RC COMBH"]
[PlyCount "167"]
[EventDate "2022.09.29"]
[EventType "swiss"]
[SourceTitle "playchess.com"]
[Source "ChessBase"]
[SourceQuality "1"]
[TimeControl "5400+30"]

1. e4 e5 2. Nf3 Nc6 3. Bb5 Nf6 4. d3 Bc5 5. O-O Nd4 6. Nxd4 exd4 7. Bg5 Be7 8. Bxf6 Bxf6 9. e5 Be7 10. Qg4 O-O 11. Qxd4 d6 12. exd6 Qxd6 13. Qxd6 Bxd6 14. Nd2 c6 15. Bc4 Bf5 16. Ne4 Be5 17. Ng3 Bd7 18. d4 Bc7 19. Rfe1 Rfe8 20. c3 Rxe1+ 21. Rxe1 Kf8 22. Nf1 Re8 23. Rxe8+ Kxe8 24. Ne3 f5 25. Bd3 g6 26. h3 Ke7 27. Kf1 Be6 28. Bc4 b5 29. Bxe6 Kxe6 30. Ke2 Bd6 31. b3 a5 32. a4 b4 33. c4 c5 34. Kd3 Kf6 35. Nd5+ Ke6 36. Nb6 Bf8 37. d5+ Kd6 38. Nc8+ Kd7 39. Na7 Bd6 40. Nc6 Bc7 41. Ke3 Ke8 42. Kf3 Kf7 43. Ke3 Ke8 44. Na7 Kd7 45. Nc6 Ke8 46. g4 f4+ 47. Ke4 Kf7 48. f3 Kf6 49. Na7 Ke7 50. Nb5 Bb8 51. d6+ Bxd6 52. Nxd6 Kxd6 53. Kxf4 Ke6 54. h4 Kf6 55. Ke4 Ke6 56. f4 h6 57. f5+ gxf5+ 58. gxf5+ Kf6 59. Kf4 Kf7 60. Ke5 Ke7 61. Kd5 Kf6 62. Kxc5 Kxf5 63. Kd6 Ke4 64. c5 Kd4 65. c6 Kc3 66. c7 Kxb3 67. c8=Q Kxa4 68. Qc4 Ka3 69. Qc1+ Ka2 70. Qc2+ Ka3 71. Qb1 b3 72. Kc5 b2 73. Kc4 h5 74. Kc3 Ka4 75. Qa2+ Kb5 76. Qxb2+ Kc6 77. Kc4 a4 78. Qb5+ Kd6 79. Qxa4 Kc7 80. Qa6 Kd8 81. Qb7 Ke8 82. Kd5 Kd8 83. Kd6 Ke8 84. Qe7# 1-0

[Event "Asian Amateur-ch Women 2022"]
[Site "Muscat"]
[Date "2022.10.02"]
[Round "4.9"]
[White "Neamah Ali Awadh BaJamel"]
[Black "Khalil, Hanan"]
[Result "0-1"]
[ECO "A54"]
[WhiteElo "1269"]
[BlackElo "1484"]
[Annotator "NA RC COMBH"]
[PlyCount "70"]
[EventDate "2022.09.29"]
[EventType "swiss"]
[SourceTitle "playchess.com"]
[Source "ChessBase"]
[SourceQuality "1"]
[TimeControl "5400+30"]

1. d4 Nf6 2. c4 d6 3. Nc3 Nbd7 4. Nf3 e5 5. dxe5 dxe5 6. Bg5 c6 7. a3 a5 8. Qb3 Be7 9. e4 O-O 10. Be2 Qc7 11. O-O h6 12. Bh4 Nc5 13. Qc2 a4 14. h3 Be6 15. Bd1 Bxc4 16. Be2 Bb3 17. Qb1 Rfd8 18. Bd1 Bxd1 19. Bxf6 Bxf6 20. Rxd1 Nb3 21. Ra2 Rxd1+ 22. Qxd1 Rd8 23. Qc2 Qa5 24. Nb1 Nd4 25. Qd1 Nxf3+ 26. Qxf3 Qe1+ 27. Kh2 Qxb1 28. Qc3 Qxa2 29. Qb4 Qb3 30. Qc5 Qxb2 31. Qa7 Rd2 32. Kg1 Bh4 33. Qb8+ Kh7 34. Qc8 Rxf2 35. Kh1 Bg3 0-1

[Event "Asian Amateur-ch Women 2022"]
[Site "Muscat"]
[Date "2022.10.02"]
[Round "5.1"]
[White "Rouda Essa, Alserkal"]
[Black "Nadernia, Niki"]
[Result "1-0"]
[ECO "C07"]
[WhiteElo "1893"]
[BlackElo "1769"]
[Annotator "NA RC COMBH"]
[PlyCount "85"]
[EventDate "2022.09.29"]
[EventType "swiss"]
[SourceTitle "playchess.com"]
[Source "ChessBase"]
[SourceQuality "1"]
[TimeControl "5400+30"]

1. e4 e6 2. d4 d5 3. Nd2 c5 4. exd5 Qxd5 5. Ngf3 cxd4 6. Bc4 Qd6 7. O-O Nf6 8. Nb3 Nc6 9. Nbxd4 Nxd4 10. Nxd4 Be7 11. c3 O-O 12. Qe2 a6 13. a4 e5 14. Nc2 e4 15. h3 Bf5 16. Bg5 Rac8 17. Rad1 Qc7 18. Ba2 Bg6 19. Bxf6 Bxf6 20. Ne3 Qa5 21. Bb3 Qb6 22. Ba2 Qc6 23. Bd5 Qc7 24. Nc4 Kh8 25. Nd2 Rfe8 26. Nxe4 Bxe4 27. Bxe4 Qf4 28. Rfe1 Re5 29. Qf3 Qg5 30. Bxb7 Rce8 31. Rxe5 Qxe5 32. Bxa6 Bd8 33. Bb5 Rg8 34. Qd5 Qf6 35. c4 h6 36. Qd4 Qg5 37. b4 Bf6 38. Qe4 Bc3 39. c5 Qh5 40. Rd3 Bf6 41. a5 Qg5 42. f4 Qh4 43. a6 1-0

[Event "Asian Amateur-ch Women 2022"]
[Site "Muscat"]
[Date "2022.10.02"]
[Round "5.2"]
[White "Wijesuriya, G P Y"]
[Black "Sawan, Eman"]
[Result "1-0"]
[ECO "B25"]
[WhiteElo "1564"]
[BlackElo "1840"]
[Annotator "NA RC COMBH"]
[PlyCount "57"]
[EventDate "2022.09.29"]
[EventType "swiss"]
[SourceTitle "playchess.com"]
[Source "ChessBase"]
[SourceQuality "1"]
[TimeControl "5400+30"]

1. e4 c5 2. Nc3 a6 3. g3 d6 4. Bg2 Nf6 5. d3 g6 6. f4 Bg7 7. Nf3 Nc6 8. O-O O-O 9. h3 Qc7 10. Be3 e5 11. Nd5 Nxd5 12. exd5 exf4 13. Bxf4 Ne7 14. Ng5 Bxb2 15. Ne4 Rd8 16. Bg5 Bf5 17. Nf6+ Kg7 18. Qd2 Bd4+ 19. Kh1 c4 20. Qf4 Be5 21. Qh4 h5 22. d4 Bxc2 23. dxe5 Nf5 24. Rxf5 Bxf5 25. Nxh5+ Kf8 26. Bh6+ Ke8 27. Nf6+ Ke7 28. exd6+ Rxd6 29. Re1+ 1-0

[Event "Asian Amateur-ch Women 2022"]
[Site "Muscat"]
[Date "2022.10.02"]
[Round "5.3"]
[White "Khalil, Hanan"]
[Black "Al-Khelaifi, Salama"]
[Result "1-0"]
[ECO "B01"]
[WhiteElo "1484"]
[BlackElo "1798"]
[Annotator "NA RC COMBH"]
[PlyCount "107"]
[EventDate "2022.09.29"]
[EventType "swiss"]
[SourceTitle "playchess.com"]
[Source "ChessBase"]
[SourceQuality "1"]
[TimeControl "5400+30"]

1. e4 d5 2. exd5 Qxd5 3. Nc3 Qd6 4. Bc4 Nf6 5. d3 a6 6. Nge2 b5 7. Bb3 Bb7 8. f3 Qb6 9. Bf4 e6 10. Qd2 Be7 11. Be3 c5 12. a4 O-O 13. O-O Rd8 14. Ng3 Nbd7 15. Nce4 Qc6 16. Qe2 Rac8 17. a5 c4 18. dxc4 Nc5 19. cxb5 axb5 20. Nxc5 Bxc5 21. Bxc5 Qxc5+ 22. Kh1 Nd5 23. Ne4 Qc6 24. Rfd1 Ba6 25. Qd2 h6 26. h3 Qc7 27. Qd4 Bb7 28. a6 Ba8 29. Bxd5 Bxd5 30. Qb4 Qc6 31. c3 Ra8 32. a7 Rd7 33. Qd4 Rc7 34. Ra3 Qb7 35. Rda1 Rc4 36. Nd6 Qc6 37. Nxc4 bxc4 38. Ra6 Qc7 39. Qb6 Qf4 40. Qf2 g5 41. Kg1 h5 42. Rb6 Qc7 43. Rb5 Qf4 44. Rba5 f5 45. Re1 Qc7 46. Raa1 Qb7 47. Qe3 Qg7 48. Qe5 Rxa7 49. Qb8+ Qf8 50. Qxf8+ Kxf8 51. Rxa7 h4 52. Rc7 f4 53. Ra1 Ke8 54. Raa7 1-0

[Event "Asian Amateur-ch Women 2022"]
[Site "Muscat"]
[Date "2022.10.02"]
[Round "5.4"]
[White "Al-Khelaifi, Aisha"]
[Black "Amulya Guruprasad"]
[Result "0-1"]
[ECO "B35"]
[WhiteElo "1678"]
[BlackElo "1278"]
[Annotator "NA RC COMBH"]
[PlyCount "78"]
[EventDate "2022.09.29"]
[EventType "swiss"]
[SourceTitle "playchess.com"]
[Source "ChessBase"]
[SourceQuality "1"]
[TimeControl "5400+30"]

1. e4 c5 2. Nf3 g6 3. Nc3 Bg7 4. d4 cxd4 5. Nxd4 Nc6 6. Be3 Nf6 7. Bc4 Qc7 8. Ndb5 Qa5 9. O-O a6 10. Nd4 O-O 11. a3 Ng4 12. Nxc6 dxc6 13. Bd2 Qc7 14. g3 h5 15. Qe2 b5 16. Bb3 Bd7 17. Nd1 Rad8 18. Bg5 Bc8 19. c3 c5 20. Ne3 c4 21. Bc2 f6 22. Nxg4 Bxg4 23. f3 Bh3 24. Be3 Bxf1 25. Rxf1 Rd7 26. f4 Kf7 27. e5 e6 28. f5 Qxe5 29. fxg6+ Kg8 30. Qf3 Rc8 31. Bd4 Rxd4 32. cxd4 Qxd4+ 33. Kh1 Qd5 34. Qxd5 exd5 35. Rf5 Rd8 36. Rxh5 d4 37. Kg2 d3 38. Bd1 Bf8 39. Rc5 Bxc5 0-1

[Event "Asian Amateur-ch Women 2022"]
[Site "Muscat"]
[Date "2022.10.02"]
[Round "5.5"]
[White "Al Ghafri, Alanoud"]
[Black "Al Mansouri, Moza"]
[Result "0-1"]
[ECO "B70"]
[WhiteElo "1275"]
[BlackElo "1610"]
[Annotator "NA RC COMBH"]
[PlyCount "70"]
[EventDate "2022.09.29"]
[EventType "swiss"]
[SourceTitle "playchess.com"]
[Source "ChessBase"]
[SourceQuality "1"]
[TimeControl "5400+30"]

1. e4 c5 2. Nf3 d6 3. d4 cxd4 4. Nxd4 Nf6 5. Nc3 g6 6. g3 Bg7 7. Bg2 O-O 8. Be3 a6 9. O-O Ng4 10. Bc1 Nc6 11. Nde2 e5 12. Nd5 Nd4 13. Nxd4 exd4 14. h3 Ne5 15. Bf4 Nc4 16. b3 Na3 17. Rc1 Be6 18. c3 Bxd5 19. exd5 dxc3 20. Be3 c2 21. Qd3 Bb2 22. Rce1 Rc8 23. Bc1 Qf6 24. b4 Bxc1 25. Rxc1 Qb2 26. Qb3 Qxb3 27. axb3 Rc3 28. h4 Rxb3 29. Be4 Rc8 30. g4 Rxb4 31. f3 Rbc4 32. Rf2 b5 33. Re2 b4 34. Re3 Rc3 35. Kf2 b3 0-1

[Event "Asian Amateur-ch Women 2022"]
[Site "Muscat"]
[Date "2022.10.02"]
[Round "5.6"]
[White "Shybi Binoj"]
[Black "Al Kalbani, Wadima"]
[Result "1-0"]
[ECO "C49"]
[WhiteElo "1402"]
[BlackElo "1554"]
[Annotator "NA RC COMBH"]
[PlyCount "45"]
[EventDate "2022.09.29"]
[EventType "swiss"]
[SourceTitle "playchess.com"]
[Source "ChessBase"]
[SourceQuality "1"]
[TimeControl "5400+30"]

1. e4 e5 2. Nf3 Nc6 3. Nc3 Nf6 4. Bb5 Bb4 5. d3 Nd4 6. Bc4 d5 7. exd5 Bg4 8. Bg5 h6 9. Bh4 g5 10. Bg3 Nxd5 11. Kd2 e4 12. Re1 Nxf3+ 13. gxf3 Bh5 14. Rxe4+ Kf8 15. Bxd5 Bxc3+ 16. bxc3 Qxd5 17. Qe2 f5 18. Re5 Qf7 19. h4 f4 20. Bh2 Re8 21. Re1 Rxe5 22. Qxe5 Rg8 23. Qc5+ 1-0

[Event "Asian Amateur-ch Women 2022"]
[Site "Muscat"]
[Date "2022.10.02"]
[Round "5.7"]
[White "Aditi Arun"]
[Black "Abeysinghe, H M H Janandani"]
[Result "1/2-1/2"]
[ECO "B06"]
[WhiteElo "1160"]
[BlackElo "1546"]
[Annotator "NA RC COMBH"]
[PlyCount "99"]
[EventDate "2022.09.29"]
[EventType "swiss"]
[SourceTitle "playchess.com"]
[Source "ChessBase"]
[SourceQuality "1"]
[TimeControl "5400+30"]

1. d4 g6 2. Bf4 Bg7 3. e4 d6 4. Nf3 Nd7 5. Nc3 a6 6. a4 c5 7. d5 Qb6 8. Ra2 Ngf6 9. Bd3 O-O 10. O-O Nh5 11. Be3 Nhf6 12. Nd2 Ne5 13. h3 Nxd3 14. cxd3 Bd7 15. Nc4 Qc7 16. a5 Bb5 17. Nb6 Rab8 18. Nxb5 axb5 19. Qb3 b4 20. Rc1 Qd8 21. d4 cxd4 22. Bxd4 Nxe4 23. Bxg7 Kxg7 24. Qxb4 Nc5 25. Qc3+ Kg8 26. b4 Nd7 27. Qc7 Nxb6 28. Qxb6 Qd7 29. Rc7 Qf5 30. Re2 Rbc8 31. Re1 Rxc7 32. Qxc7 Qxd5 33. Rxe7 Qd1+ 34. Kh2 Qd2 35. Qxb7 Qxf2 36. Qf3 Qd2 37. a6 Qxb4 38. a7 Qa5 39. Rb7 d5 40. Qf2 Kg7 41. Qd4+ Kg8 42. Qe5 h5 43. Qb8 d4 44. Qxf8+ Kxf8 45. Rb8+ Kg7 46. a8=Q Qe5+ 47. Kg1 Qe1+ 48. Kh2 Qe5+ 49. g3 Qe2+ 50. Qg2 1/2-1/2

[Event "Asian Amateur-ch Women 2022"]
[Site "Muscat"]
[Date "2022.10.02"]
[Round "5.8"]
[White "Mouza Nasser AlShamsi"]
[Black "Dakshikaa S M"]
[Result "0-1"]
[ECO "C62"]
[WhiteElo "1117"]
[BlackElo "1117"]
[Annotator "NA RC COMBH"]
[PlyCount "52"]
[EventDate "2022.09.29"]
[EventType "swiss"]
[SourceTitle "playchess.com"]
[Source "ChessBase"]
[SourceQuality "1"]
[TimeControl "5400+30"]

1. e4 e5 2. Nf3 Nc6 3. Nc3 Nf6 4. d4 d6 5. Bb5 Bd7 6. Bg5 a6 7. Bxc6 Bxc6 8. dxe5 h6 9. Bxf6 gxf6 10. exd6 Bxd6 11. Qd3 Qe7 12. Nd4 Bd7 13. Nd5 Qd8 14. O-O-O c6 15. Nc3 Qc7 16. Nf5 Bxf5 17. exf5 O-O-O 18. Qf3 Rhe8 19. Kb1 Be5 20. Rhe1 Bxc3 21. Qxc3 Qf4 22. Qxf6 Rxd1+ 23. Rxd1 Qd2 24. Rc1 Re1 25. Qh8+ Kc7 26. Rxe1 Qxe1# 0-1

[Event "Asian Amateur-ch Women 2022"]
[Site "Muscat"]
[Date "2022.10.03"]
[Round "6.1"]
[White "Wijesuriya, G P Y"]
[Black "Rouda Essa, Alserkal"]
[Result "0-1"]
[ECO "C92"]
[WhiteElo "1564"]
[BlackElo "1893"]
[Annotator "NA RC COMBH"]
[PlyCount "64"]
[EventDate "2022.09.29"]
[EventType "swiss"]
[SourceTitle "playchess.com"]
[Source "ChessBase"]
[SourceQuality "1"]
[TimeControl "5400+30"]

1. e4 e5 2. Nf3 Nc6 3. Bb5 a6 4. Ba4 Nf6 5. O-O Be7 6. d3 b5 7. Bb3 O-O 8. c3 d6 9. h3 Na5 10. Bc2 c5 11. Nbd2 Re8 12. Re1 Qc7 13. Nf1 Bb7 14. Ng3 h6 15. Nf5 Bf8 16. Nh2 Nc6 (16... d5 $11) 17. Ng4 Nh7 18. Re3 (18. a4 $14) 18... Ne7 19. Rg3 Kh8 20. Be3 (20. Nxe7 $11 Qxe7 21. Qf3) 20... d5 21. Nxe7 Bxe7 22. Qc1 (22. Qf3 $1 $11 {keeps the balance.}) 22... c4 23. exd5 Bh4 $1 24. Rf3 cxd3 25. Bb3 (25. Bxd3 $17 e4 26. Bxh6) 25... Ng5 26. Rf5 Bc8 27. Nxh6 gxh6 28. Rf6 $2 (28. Rxg5 Bxg5 29. Bxg5 hxg5 30. Qxg5) 28... Nxh3+ 29. gxh3 Bxf6 30. Bxh6 Rg8+ 31. Kf1 Bxh3+ 32. Ke1 Rg1+ $19 0-1

[Event "Asian Amateur-ch Women 2022"]
[Site "Muscat"]
[Date "2022.10.03"]
[Round "6.2"]
[White "Nadernia, Niki"]
[Black "Khalil, Hanan"]
[Result "1-0"]
[ECO "D11"]
[WhiteElo "1769"]
[BlackElo "1484"]
[Annotator "NA RC COMBH"]
[PlyCount "67"]
[EventDate "2022.09.29"]
[EventType "swiss"]
[SourceTitle "playchess.com"]
[Source "ChessBase"]
[SourceQuality "1"]
[TimeControl "5400+30"]

1. d4 Nf6 2. Nf3 d5 3. g3 Bf5 4. Bg2 e6 5. O-O Be7 6. c4 c6 7. Nc3 h6 8. Nd2 Bg4 9. f3 Bh5 10. e4 Qb6 11. c5 Qb4 12. Nb3 dxe4 13. g4 exf3 14. Bxf3 Bxg4 15. Bxg4 Nxg4 16. Qxg4 Nd7 17. Qf4 Nf6 18. Qc7 Bd8 19. Qg3 a5 20. Qd3 a4 21. Nd2 b5 22. Nde4 Bc7 23. a3 Qa5 24. Bf4 O-O-O 25. Bxc7 Qxc7 26. Nd6+ Kb8 27. Nce4 Rhg8 28. Kh1 Qe7 29. Nxf6 gxf6 30. Qf3 Rxd6 31. cxd6 Qxd6 32. Qxf6 Qd5+ 33. Qf3 Qxd4 34. Qxc6 1-0

[Event "Asian Amateur-ch Women 2022"]
[Site "Muscat"]
[Date "2022.10.03"]
[Round "6.3"]
[White "Al Mansouri, Moza"]
[Black "Amulya Guruprasad"]
[Result "0-1"]
[ECO "C40"]
[WhiteElo "1610"]
[BlackElo "1278"]
[Annotator "NA RC COMBH"]
[PlyCount "82"]
[EventDate "2022.09.29"]
[EventType "swiss"]
[SourceTitle "playchess.com"]
[Source "ChessBase"]
[SourceQuality "1"]
[TimeControl "5400+30"]

1. e4 e5 2. Nf3 d5 3. Nxe5 Bd6 4. d4 dxe4 5. Nc4 Nf6 6. Nxd6+ cxd6 7. Nc3 d5 8. Bf4 Nc6 9. Be2 Qb6 10. Nb5 O-O 11. Bd6 Bd7 12. Bxf8 Rxf8 13. O-O a6 14. Nc3 Qxb2 15. Qd2 Qa3 16. Rfb1 b5 17. Rb3 Qd6 18. a4 b4 19. Nd1 a5 20. Ne3 Ne8 21. c4 Nc7 22. c5 Qg6 23. Nc2 f5 24. Rg3 Qf6 25. Qg5 Qxg5 26. Rxg5 Ne6 27. Rg3 Ncxd4 28. Nxd4 Nxd4 29. Bb5 Bxb5 30. axb5 Rc8 31. c6 Nxb5 32. Rxa5 Rxc6 33. h3 Rb6 34. Rb3 Nc3 35. Rc5 d4 36. Kf1 Ra6 37. Rbxc3 bxc3 38. Ke2 Ra2+ 39. Kd1 Rxf2 40. Rc4 d3 41. Rxc3 Rxg2 0-1

[Event "Asian Amateur-ch Women 2022"]
[Site "Muscat"]
[Date "2022.10.03"]
[Round "6.4"]
[White "Dakshikaa S M"]
[Black "Shybi Binoj"]
[Result "0-1"]
[ECO "C54"]
[WhiteElo "1117"]
[BlackElo "1402"]
[Annotator "NA RC COMBH"]
[PlyCount "156"]
[EventDate "2022.09.29"]
[EventType "swiss"]
[SourceTitle "playchess.com"]
[Source "ChessBase"]
[SourceQuality "1"]
[TimeControl "5400+30"]

1. e4 e5 2. Nf3 Nc6 3. Bc4 Bc5 4. c3 Nf6 5. d4 exd4 6. e5 d5 7. Bb5 Ne4 8. cxd4 Bb4+ 9. Nbd2 O-O 10. O-O Bg4 11. h3 Nxd2 12. Bxd2 Bxf3 13. gxf3 Bxd2 14. Qxd2 Qh4 15. Bxc6 bxc6 16. Kh2 f6 17. e6 Rae8 18. Qe3 f5 19. f4 Rf6 20. Qg3 Qh6 21. Qg5 Rexe6 22. Rae1 Rxe1 23. Rxe1 Kf7 24. Re5 Qg6 25. h4 h6 26. Qxg6+ Rxg6 27. Rxf5+ Ke7 28. Re5+ Kd6 29. b4 Rg4 30. Rf5 Rxh4+ 31. Kg2 Rg4+ 32. Kh2 Ke6 33. Rf8 Ke7 34. f3 Rg6 35. Rf5 Rf6 36. Re5+ Kd7 37. Kg3 Rg6+ 38. Kh3 Rg1 39. Rf5 Ke7 40. Re5+ Kf6 41. b5 cxb5 42. Rxd5 a6 43. Rc5 Rd1 44. d5 Rd2 45. Rxc7 Rxd5 46. Kg4 Rd6 47. Ra7 g6 48. Ra8 h5+ 49. Kg3 Kf5 50. Rf8+ Rf6 51. Rh8 Ke6 52. Ra8 Kd5 53. Re8 Kc4 54. Re4+ Kc3 55. a4 b4 56. Re3+ Kb2 57. Re2+ Ka3 58. a5 b3 59. Re3 Ka2 60. Re2+ b2 61. Rd2 Ka1 62. Rd1+ b1=Q 63. Rxb1+ Kxb1 64. Kh4 Rxf4+ 65. Kg3 Ra4 66. f4 Rxa5 67. Kf3 Rf5 68. Ke4 a5 69. Kd4 a4 70. Ke4 a3 71. Kf3 a2 72. Ke4 a1=Q 73. Kf3 Qd4 74. Ke2 Qe4+ 75. Kd2 Rd5+ 76. Kc3 Qd4+ 77. Kb3 Rb5+ 78. Ka3 Qb4# 0-1

[Event "Asian Amateur-ch Women 2022"]
[Site "Muscat"]
[Date "2022.10.03"]
[Round "6.6"]
[White "Al-Khelaifi, Salama"]
[Black "Aditi Arun"]
[Result "1/2-1/2"]
[ECO "D01"]
[WhiteElo "1798"]
[BlackElo "1160"]
[Annotator "NA RC COMBH"]
[PlyCount "61"]
[EventDate "2022.09.29"]
[EventType "swiss"]
[SourceTitle "playchess.com"]
[Source "ChessBase"]
[SourceQuality "1"]
[TimeControl "5400+30"]

1. d4 d5 2. Nc3 Nf6 3. Bg5 Nbd7 4. Qd3 c6 5. f3 h6 6. Bh4 g5 7. Bg3 Nb6 8. e4 dxe4 9. fxe4 Bg7 10. O-O-O O-O 11. h4 g4 12. h5 Be6 13. Qe3 Nc4 14. Qf4 Qb6 15. Bxc4 Bxc4 16. Nge2 Qa6 17. Qe3 b5 18. b3 b4 19. bxc4 bxc3 20. Qxc3 Nxe4 21. Qd3 Nxg3 22. Nxg3 Qxa2 23. Nf5 e6 24. Nxg7 Kxg7 25. Rh4 f5 26. Rxg4+ fxg4 27. Qg6+ Kh8 28. Qxh6+ Kg8 29. Qg6+ Kh8 30. Qh6+ Kg8 31. Qg6+ 1/2-1/2

[Event "Asian Amateur-ch Women 2022"]
[Site "Muscat"]
[Date "2022.10.03"]
[Round "6.7"]
[White "Sawan, Eman"]
[Black "Amal Fadel S M Alshamsi"]
[Result "1-0"]
[ECO "C05"]
[WhiteElo "1840"]
[BlackElo "1404"]
[Annotator "NA RC COMBH"]
[PlyCount "73"]
[EventDate "2022.09.29"]
[EventType "swiss"]
[SourceTitle "playchess.com"]
[Source "ChessBase"]
[SourceQuality "1"]
[TimeControl "5400+30"]

1. e4 e6 2. d4 d5 3. Nd2 Nf6 4. e5 Nfd7 5. f4 c5 6. c3 Nc6 7. Ndf3 cxd4 8. cxd4 Qa5+ 9. Kf2 f6 10. Be3 (10. g3 $1 $14 {might be stronger.}) 10... Be7 11. a3 Qd8 12. b4 a6 13. g3 Nb6 14. Bd3 Nc4 15. Bxc4 dxc4 16. Ne2 fxe5 ({Better is} 16... b5 $17) 17. dxe5 Qxd1 18. Rhxd1 b5 19. Nc3 O-O 20. Ke2 Rb8 21. Nd2 a5 22. bxa5 Nxa5 23. Nce4 Ba6 24. Bc5 Nc6 25. Ke3 Rfc8 26. Bd6 Bxd6 (26... Ra8 $14) 27. Nxd6 Rd8 28. N2e4 Ne7 29. Nc5 Nd5+ 30. Rxd5 exd5 31. Nxa6 Rb6 32. Nb4 Ra8 33. Nxd5 Rba6 34. Nxb5 Ra5 $18 35. Ndc7 Rb8 36. a4 Rd8 37. Ra3 1-0